 Dungeon Crawl Stone Soup version 0.28-a0-794-gafe8c5f9e9 (webtiles) character file.

Game seed: 1824791952907008092

99 cheechan the Skirmisher (level 4, -3/40 (42) HPs)
             Began as a Naga Fighter on Nov 5, 2021.
             Killed by divine providence
             ... invoked by an orc priest
              (14 damage)
             ... on level 3 of the Dungeon.
             The game lasted 00:08:37 (2322 turns).

cheechan the Skirmisher (Naga Fighter)              Turns: 2322, Time: 00:08:37

HP:   -3/40 (42)    AC:  5    Str: 19    XL:     4   Next: 72%
MP:   4/4           EV:  7    Int:  9    God:
Gold: 109           SH:  4    Dex: 10    Spells: 3/3 levels left

rFire   . . .      SeeInvis +   k - +2 hunting sling (freeze)
rCold   . . .      Faith    .   c - +0 buckler
rNeg    . . .      Spirit   .   b - +0 scale mail
rPois   +          Reflect  .   (no helmet)
rElec   .          Harm     .   (no cloak)
rCorr   .          Rampage  .   (no gloves)
Will    .....                   (no barding)
Stlth   ..........              (no amulet)
HPRegen 0.13/turn               (no ring)
MPRegen 0.09/turn               (no ring)

@: lightly drained, very slow
A: AC +1, large, see invisible, deformed body, poison resistance, slowness 2,
spit poison 1, naga tail 1
a: Spit Poison


You were on level 3 of the Dungeon.
You visited 1 branch of the dungeon, and saw 3 of its levels.

You collected 109 gold pieces.

Inventory:

Hand Weapons
 a - a +1 trident
 i - a +1 dagger of electrocution
 k - a +2 hunting sling of freezing (weapon)
Missiles
 f - 52 arrows
 g - 5 poisoned darts
 j - 20 bolts
 l - 40 stones (quivered ammo)
Armour
 b - a +0 scale mail (worn)
 c - a +0 buckler (worn)
Potions
 d - a potion of might
 e - 2 potions of brilliance
 h - a potion of haste {unknown}
 m - a potion of mutation {unknown}


   Skills:
 + Level 3.4 Fighting
 + Level 2.9 Polearms
 + Level 0.9 Slings
 + Level 3.2 Armour
 + Level 0.2 Dodging
 + Level 2.7 Shields


You had 3 spell levels left.
You didn't know any spells.
Your spell library contained the following spells:

 Spells                   Type           Power      Damage    Failure   Level
 Conjure Flame            Conj/Fire      0%         6-21      98%         3
 Ignite Poison            Fire/Tmut/Pois 0%         N/A       98%         3
 Sticky Flame             Conj/Fire      0%         2d3       100%        4


Dungeon Overview and Level Annotations

Branches:
Dungeon (3/15)

Altars:
Sif Muna
Vehumet


Innate Abilities, Weirdness & Mutations

Your serpentine skin is tough. (AC +1)
You have supernaturally acute eyesight. (SInv)
Armour fits poorly on your strangely shaped body.
Your system is resistant to poisons. (rPois)
You cover ground very slowly.
You can spit poison.
You have a snake-like lower body.


Message History

The jackal barks!
The orc priest shouts!
A jackal comes into view.
The frilled lizard closely misses you. You block the goblin's attack.
Fire: 43 stones
Press: ? - help, Shift-Dir - straight line, f/p - frilled lizard
Aim: a frilled lizard (40% to hit)
You shoot a stone. The stone hits the frilled lizard.
The stone freezes the frilled lizard.
You kill the frilled lizard!
The goblin hits you with a +3 dagger of draining.
You feel drained.
An orc comes into view. It is wielding a +0 club.
The orc hits you with a +0 club.
Fire: 42 stones
Press: ? - help, Shift-Dir - straight line, f - orc
Aim: an orc, wielding a +0 club (severely wounded, 59% to hit)
You shoot a stone. The stone hits the orc.
The stone freezes the orc.
You kill the orc!
The goblin barely misses you.
The goblin hits you with a +3 dagger of draining.
You feel drained.
Fire: 41 stones
Press: ? - help, Shift-Dir - straight line, f - jackal
Aim: a jackal (51% to hit)
You shoot a stone. The stone barely misses the jackal.
The stone hits the hobgoblin.
The stone freezes the hobgoblin.
You kill the hobgoblin!
You block the goblin's attack.
You have got your breath back.
The jackal bites you.
The orc priest calls down the wrath of Beogh upon you.
Beogh smites you! The jackal barely misses you.
The goblin hits the plant with a +3 dagger of draining.
The plant begins to die.
The jackal bites you.
* * * LOW HITPOINT WARNING * * *
The jackal barely misses you. The jackal barely misses you.
The orc priest mumbles some strange prayers to Beogh against you.
Beogh smites you!
You die...

.....##.#..8# ##.>
.....##.##..# #..#
...)...#..##### ####
..............#
#####..#..#..## #
....#....###### (.#.#
###..##.#......#
......#######.##.#.####.#
((..(()..gh@............####
......(.oh.h................


...PP...oPPPP.._..PPPP..PPPP ............................
....####...################# .... .....# # ... ###...# # (. ##### You could see
an orc priest, an orc, 3 jackals and a goblin.

Vanquished Creatures
  4 adders
  2 dart slugs
  7 orcs (D:3)
  7 bats
  An endoplasm (D:1)
  3 giant cockroaches
  6 goblins
  5 hobgoblins
  5 kobolds
  A quokka (D:1)
  4 ball pythons
  2 frilled lizards (D:3)
  3 rats
50 creatures vanquished.

Vanquished Creatures (others)
  2 plants (D:3)
2 creatures vanquished.

Grand Total: 52 creatures vanquished

Notes
Turn   | Place    | Note
-------+----------+-------------------------------------------
     0 | D:1      | cheechan the Naga Fighter began the quest for the Orb.
     0 | D:1      | Reached XP level 1. HP: 21/21 MP: 1/1
    49 | D:1      | Found a faded altar of an unknown god.
   103 | D:1      | Reached XP level 2. HP: 23/28 MP: 2/2
   887 | D:1      | Reached XP level 3. HP: 21/34 MP: 3/3
  1281 | D:2      | You fall into a shaft and drop 1 floor!
  1283 | D:3      | Found a shimmering blue altar of Sif Muna.
  1476 | D:2      | Reached XP level 4. HP: 32/42 MP: 4/4
  1907 | D:2      | Found a shimmering blue altar of Sif Muna.
  2279 | D:3      | Found a radiant altar of Vehumet.
  2322 | D:3      | Killed from afar by an orc priest

Illustrated notes

Levels and vault maps discovered:
D:1:      kennysheep_arrival_seaside, layout_loops_corners,
          hellmonk_ecumenical_altar_blasted, chequers_serial_rivers_marsh,
          minmay_misc_feat_five, minmay_misc_feat_enclosed
D:2:      layout_loops_corners, basic_altar, kennysheep_generic_room_7
D:3:      layout_rooms, mainiacjoe_overflow_boulevard, led_sif_book,
          uniq_jessica

Skill      XL: |  1  2  3 |
---------------+----------+-----
Armour         | 3 |  3.2
Fighting       | |  3.4
Polearms       | |  2.9
Slings         | |  0.9
Dodging        | |  0.2
Shields        | |  2.7

Action                   |  1- 3 |  4- 6 || total
-------------------------+-------+-------++-------
Melee: Trident           |    92 |       ||    92
       Hunting sling     |    12 |     8 ||    20
 Fire: Hunting sling     |     5 |    34 ||    39
 Abil: Spit Poison       |     9 |     5 ||    14
  Use: Scroll            |     3 |       ||     3
Armor: Scale mail        |    90 |    13 ||   103
Dodge: Dodged            |    69 |    16 ||    85
Block: Buckler           |    30 |     7 ||    37

Table legend: (Time is in decaauts)
 A = Elapsed time spent in this place.
 B = Non-inter-level travel time spent in this place.
 C = Inter-level travel time spent in this place.
 D = Time resting spent in this place.
 E = Time spent auto-exploring this place.
 F = Levels seen in this place.
 G = Mean time per level.
                   A        B        C        D        E       F      G
               +--------+--------+--------+--------+--------+-----+--------+
         Total |   3137 |   3137 |      0 |    145 |      0 |   3 | 1045.7 |
       Dungeon |   3137 |   3137 |      0 |    145 |      0 |   3 | 1045.7 |
               +--------+--------+--------+--------+--------+-----+--------+

Top non-repeatable levels by time:
     D:1: 1559 daAuts
     D:2: 1274 daAuts
     D:3: 303 daAuts
